 Dungeon Crawl Stone Soup version 0.22-a0-32-ga749362 (webtiles) character file.

7289 kae the Martial Artist (level 10, -1/88 HPs)
             Began as a Grey Draconian Transmuter on Jan 3, 2018.
             Was a Follower of Wu Jian.
             Succumbed to a killer bee's poison
             ... on level 8 of the Dungeon.
             The game lasted 00:22:31 (13816 turns).

kae the Martial Artist (Grey Draconian Transmuter) Turns: 13816, Time: 00:22:32

Health: -1/88      AC:  2    Str: 12    XL:     10   Next: 89%
Magic:  18/20      EV: 19    Int: 17    God:    Wu Jian [*.....]
Gold:   959        SH:  0    Dex: 19    Spells: 12/23 levels left

rFire    + . .     SeeInvis .     - Unarmed
rCold    + . .     Gourm    .   (shield currently unavailable)
rNeg     . . .     Faith    .   (armour unavailable)
rPois    .         Spirit   .   (helmet currently unavailable)
rElec    +         Reflect  .   (cloak currently unavailable)
rCorr    +         Harm     .   (gloves currently unavailable)
MR       .....                  (boots currently unavailable)
Stlth    ++........             (no amulet)
HPRegen  0.24/turn              v - +2 ring of intelligence
MPRegen  0.17/turn              u - +3 ring of slaying

@: lethally poisoned (-1 -> -32), spider-form, resistant
A: tiny, (walk through water), unfitting armour, AC +12
a: End Transformation, Renounce Religion


You were on level 8 of the Dungeon.
You worshipped Wu Jian.
Wu Jian was aware of your devotion.
You were not hungry.
You were a venomous arachnid creature.
You visited 2 branches of the dungeon, and saw 10 of its levels.

You collected 959 gold pieces.

Inventory:

Hand Weapons
 d - a +3 dagger of speed (melded)
Missiles
 a - 137 arrows
Armour
 z - a +0 cloak of invisibility (melded)
Jewellery
 k - an uncursed amulet of faith
 t - an uncursed ring of stealth
 u - a +3 ring of slaying (right front leg)
 v - a +2 ring of intelligence (left front leg)
Wands
 q - a wand of flame (2)
 w - a wand of paralysis (15)
Scrolls
 h - 2 scrolls of remove curse
 i - 3 scrolls of magic mapping
 j - a scroll of amnesia
 m - 3 scrolls of identify
 y - a scroll of enchant armour
Potions
 e - a potion of degeneration
 f - 2 potions of mutation
 g - 2 potions of agility
 n - a potion of berserk rage
 o - a potion of cancellation
 p - a potion of might
Books
 b - a book of Changes

   Spells                             Type                      Level
   a - Beastly Appendage              Transmutation                1
   b - Sticks to Snakes               Transmutation                2
   c - Spider Form                    Transmutation/Poison         3
   d - Ice Form                       Ice/Transmutation            4
   e - Blade Hands                    Transmutation                5
 r - a book of Battle

   Spells                             Type                      Level
   a - Infusion                       Charms                       1
   b - Shroud of Golubria             Charms/Translocation         2
   c - Song of Slaying                Charms                       2
   d - Spectral Weapon                Hexes/Charms                 3
   e - Regeneration                   Charms/Necromancy            3
Comestibles
 c - 13 rations


   Skills:
 + Level 8.2 Fighting
 - Level 1.7 Dodging
 * Level 11.0 Unarmed Combat
 + Level 7.2 Spellcasting
 + Level 7.8 Transmutations


You had 12 spell levels left.
You knew the following spells:

 Your Spells              Type           Power        Failure   Level  Hunger
a - Beastly Appendage     Tmut           ####..       3%          1    None
b - Sticks to Snakes      Tmut           ####....     4%          2    None
c - Spider Form           Tmut/Pois      ###.......   19%         3    ##.....
d - Blade Hands           Tmut           ####......   28%         5    #####..


Dungeon Overview and Level Annotations

Branches:
Dungeon (9/15)             Temple (1/1) D:7            Lair (0/6) D:8
    Orc: D:9-12

Altars:
Ashenzari
Cheibriados
Elyvilon
Fedhas
Hepliaklqana
Kikubaaqudgha
Nemelex Xobeh
Okawaru
Qazlal
Ru
Sif Muna
Trog
Uskayaw
Vehumet
Wu Jian
Xom
Yredelemnul
Zin
The Shining One

Shops:
D:8 (:

Annotations:
D:4 brew9's ghost, amateur GrEE


Innate Abilities, Weirdness & Mutations

((You can walk through water.))
((Your dull iron-grey scales are very hard. (AC +12)))
You cannot fit into any form of body armour.
((You can survive without breathing.))
((You are cold-blooded and may be slowed by cold attacks.))


Message History

You barely miss the killer bee.
The killer bee is heavily wounded.
* * * LOW HITPOINT WARNING * * *
You feel sick. The killer bee stings you!
* * * LOW HITPOINT WARNING * * *
You closely miss the killer bee.
The killer bee is heavily wounded.
* * * LOW HITPOINT WARNING * * *
You feel very sick. The killer bee stings you!
* * * LOW HITPOINT WARNING * * *
The killer bee completely misses you.
Okay, then.
Evoke which item? (* to show all) (? for menu, Esc to quit)
Okay, then.
Okay, then.
Okay, then.
Okay, then.
You feel protected.
You die...

########
###.....y##################
#.'....>yys................
#.#......#####...###.......
#.#......# #...# #.......
#.#####'## #...# #.......
#######.# #.# #####
#....... ........#
#.############.......
........#
#............'.......
........#
#######....###.......
........####### #....#
########


You could see 3 killer bees.

Vanquished Creatures
  A two-headed ogre (D:9)
  A cyclops (D:6)
  A troll (D:6)
  2 hippogriffs
  A vampire (D:8)
  3 hogs (D:7)
  A yak (D:7)
  A human (D:7)
  An acid dragon (D:6)
  A water moccasin (D:8)
  2 hell hounds (D:8)
  4 orc warriors
  3 sky beasts
  A necrophage (D:4)
  4 ice beasts
  4 ogres
  3 phantoms
  2 centaurs
  A crocodile (D:8)
  A big kobold (D:8)
  6 bullfrogs
  3 scorpions
  7 killer bees (D:8)
  3 wights (D:8)
  A howler monkey (D:6)
  An electric eel (D:8)
  6 crimson imps
  2 bullfrog zombies (D:6)
  A centaur zombie (D:7)
  2 jellies
  3 hounds
  6 orc priests
  4 orc wizards
  A bullfrog skeleton (D:7)
  Crazy Yiuf (D:7)
  3 worker ants
  A killer bee zombie (D:6)
  A hound skeleton (D:6)
  2 worker ant zombies
  Robin (D:2)
  3 adders
  3 gnolls
  A shadow imp (D:8)
  2 oozes
  An adder zombie (D:7)
  5 worms
  2 dart slugs (D:1)
  2 leopard geckos
  22 orcs
  12 bats
  5 giant cockroaches
  14 goblins
  16 hobgoblins
  2 jackals (D:2)
  5 quokkas
  3 frilled lizards
  11 kobolds
  2 quokka skeletons
  10 rats
  2 fungi (D:7)
216 creatures vanquished.

Vanquished Creatures (collateral kills)
  The ghost of p0werm0de the Covert, a novice OpEn of Wu Jian (D:6)
  An adder (D:7)
  A quokka (D:7)
3 creatures vanquished.

Vanquished Creatures (others)
  A bush (D:6)
1 creature vanquished.

Grand Total: 220 creatures vanquished

Notes
Turn   | Place    | Note
-------+----------+-------------------------------------------
     0 | D:1      | kae the Draconian Transmuter began the quest for the Orb.
     0 | D:1      | Reached XP level 1. HP: 16/16 MP: 3/3
   245 | D:1      | Reached XP level 2. HP: 22/23 MP: 3/5
   773 | D:1      | Reached XP level 3. HP: 29/29 MP: 6/6
   777 | D:1      | Learned a level 2 spell: Sticks to Snakes
   781 | D:1      | Learned a level 3 spell: Spider Form
  1252 | D:2      | Noticed Robin
  1575 | D:2      | Killed Robin
  1625 | D:2      | Reached XP level 4. HP: 7/36 MP: 5/7
  1942 | D:2      | Reached skill level 4 in Unarmed Combat
  2129 | D:2      | Found a stormy altar of Qazlal.
  2425 | D:3      | Found a hide-covered altar of Uskayaw.
  2899 | D:3      | Reached XP level 5. HP: 10/42 MP: 9/9
  3206 | D:3      | Found a glowing golden altar of the Shining One.
  3783 | D:4      | Reached XP level 6. HP: 26/50 MP: 2/10
  4004 | D:4      | Reached skill level 5 in Unarmed Combat
  4578 | D:4      | Found a basalt altar of Yredelemnul.
  4643 | D:4      | Noticed brew9's ghost (amateur GrEE)
  5036 | D:5      | Entered Level 5 of the Dungeon
  5571 | D:5      | Your scales start taking on a dull iron-grey colour.
  5571 | D:5      | Reached XP level 7. HP: 57/57 MP: 8/12
  5571 | D:5      | Gained mutation: You can survive without breathing. [Grey Draconian growth]
  5967 | D:5      | Reached skill level 6 in Unarmed Combat
  6450 | D:5      | Reached XP level 8. HP: 40/67 MP: 11/14
  6945 | D:6      | Found a hazy altar of Hepliaklqana.
  7035 | D:6      | Noticed p0werm0de's ghost (novice OpEn)
  7079 | D:6      | Reached skill level 7 in Unarmed Combat
  7256 | D:6      | Killed p0werm0de's ghost
  7256 | D:6      | Reached skill level 5 in Fighting
  7256 | D:6      | Reached skill level 5 in Transmutations
  7742 | D:6      | Reached skill level 5 in Spellcasting
  8016 | D:7      | Reached skill level 8 in Unarmed Combat
  8016 | D:7      | Reached XP level 9. HP: 47/75 MP: 13/16
  8905 | D:7      | Found a staircase to the Ecumenical Temple.
  8979 | Temple   | Entered the Ecumenical Temple
  9172 | Temple   | Became a worshipper of the Wu Jian Council
  9193 | D:7      | Reached skill level 9 in Unarmed Combat
  9380 | D:7      | Learned a level 5 spell: Blade Hands
  9537 | D:6      | Noticed a cyclops
  9537 | D:6      | Noticed a troll
  9655 | D:6      | Killed a troll
 10415 | D:6      | Killed a cyclops
 10415 | D:6      | Reached XP level 10. HP: 14/86 MP: 16/19
 11117 | D:7      | Found a runed door.
 11121 | D:7      | Noticed Crazy Yiuf
 11125 | D:7      | Killed Crazy Yiuf
 11230 | D:8      | Reached skill level 10 in Unarmed Combat
 12064 | D:8      | HP: 4/86 [something (8)]
 12406 | D:8      | Found Asopiz's Weapon Shop.
 12415 | D:8      | Found a staircase to the Lair.
 12433 | D:8      | Reached * piety under Wu Jian
 12561 | D:8      | Noticed an angel
 12561 | D:8      | Found a glowing silver altar of Zin.
 12561 | D:8      | Found a shimmering altar of Xom.
 13181 | D:8      | Found Seck's Book Boutique.
 13369 | D:9      | Noticed a two-headed ogre
 13378 | D:9      | Killed a two-headed ogre
 13501 | D:9      | Reached skill level 11 in Unarmed Combat
 13815 | D:8      | HP: 1/88 [killer bee (9)]
 13816 | D:8      | Succumbed to a killer bee's poison

Vault maps used:
D:1:      dpeg_arrival_long_road
D:2:      first_ration, nicolae_qazlal_eye_of_the_storm, uniq_robin
D:3:      old_standard_altar, tso_metal_star
D:4:      lemuel_doored_altar, minmay_misc_feat_hallway
D:6:      minmay_klotski, lemuel_crystal_altar, hangedman_decor_clover_reticule,
          minivault_19
D:7:      temple_green, grunt_livestock, uniq_crazy_yiuf_cottage
D:8:      grunt_temple_overflow_order_and_chaos_1, minmay_lair_entry_lava,
          serial_shops, shop, shop, minmay_crystal_water
D:9:      nicolae_gozag_seed_capital, minitemple, basic_altar, xom_shifter_show,
          uniq_maurice
Temple:   nicolae_temple_figure_eight

Skill      XL: |  1  2  3  4  5  6  7  8  9 10 |
---------------+-------------------------------+-----
Fighting       | 2 3 4 5 7 8 |  8.2
Unarmed Combat | 4 5 6 8 9 11 | 11.0
Transmutations | 3 4 5 6 7 |  7.8
Spellcasting   | 3 4 5 6 7 |  7.2
Dodging        | |  1.7

Action                   |  1- 3 |  4- 6 |  7- 9 | 10-12 || total
-------------------------+-------+-------+-------+-------++-------
Melee: Dagger            |   208 |   339 |   311 |    42 ||   900
       Kick              |     6 |     4 |     2 |       ||    12
       Unarmed           |     3 |    36 |   138 |   189 ||   366
       Tailslap          |    18 |    31 |    39 |     4 ||    92
       Headbutt          |     2 |    15 |     2 |       ||    19
       Punch             |     4 |     2 |    14 |     3 ||    23
 Cast: Beastly Appendage |     7 |     8 |     3 |       ||    18
       Spider Form       |       |     5 |    17 |    22 ||    44
       Sticks to Snakes  |       |       |     5 |       ||     5
Invok: Lunge             |       |       |     3 |    12 ||    15
       Whirlwind         |       |       |       |     8 ||     8
Evoke: Wand              |       |       |       |     4 ||     4
  Use: Scroll            |     6 |     8 |     7 |     1 ||    22
       Potion            |     1 |     3 |     3 |     2 ||     9
 Stab: Sleeping          |       |     2 |     1 |       ||     3
       Distracted        |       |       |     1 |       ||     1
  Eat: Chunk             |     2 |    12 |     7 |     4 ||    25
       Ration            |       |     1 |     3 |     2 ||     6
Armor: Skin              |    56 |    84 |   122 |    23 ||   285
Dodge: Dodged            |   132 |   164 |   205 |   196 ||   697

Table legend:
 A = Spawn XP
 B = Non-spawn XP
 C = Spawn XP percentage of total XP
 D = Spawn monster count
 E = Non-spawn monster count
 F = Spawn count percentage of total count
 G = Total turns spent on level
                    A         B        C        D         E        F      G
               +---------+---------+-------+---------+---------+-------+---------
         Total |       0 |   10413 |   0.0 |       0 |     217 |   0.0 | 13816
               +---------+---------+-------+---------+---------+-------+---------
           D:1 |       0 |      50 |   0.0 |       0 |      26 |   0.0 |  1215
           D:2 |       0 |      82 |   0.0 |       0 |      32 |   0.0 |   798
           D:3 |       0 |     121 |   0.0 |       0 |      30 |   0.0 |  1722
           D:4 |       0 |     534 |   0.0 |       0 |      17 |   0.0 |  2079
           D:5 |       0 |     815 |   0.0 |       0 |      17 |   0.0 |  1041
           D:6 |       0 |    2583 |   0.0 |       0 |      26 |   0.0 |  2589
           D:7 |       0 |    2055 |   0.0 |       0 |      24 |   0.0 |  1833
           D:8 |       0 |    3080 |   0.0 |       0 |      42 |   0.0 |  2197
           D:9 |       0 |    1093 |   0.0 |       0 |       3 |   0.0 |   138
               +---------+---------+-------+---------+---------+-------+---------
